 Dungeon Crawl Stone Soup version 0.30-a0-715-gdb4ae3ece1 (webtiles) character file.

Game seed: 13026536190436738628

14 wormed the Sneak (level 2, -9/24 HPs)
             Began as a Naga Fire Elementalist on Jan 24, 2023.
             Mangled by a worm (12 damage)
             ... on level 2 of the Dungeon.
             The game lasted 00:01:08 (464 turns).

wormed the Sneak (Naga Fire Elementalist)            Turns: 464, Time: 00:01:09

Health: -9/24      AC:  1    Str: 10    XL:     2   Next: 45%
Magic:  3/5        EV:  9    Int: 15    God:
Gold:   45         SH:  0    Dex: 11    Spells: 2/5 levels left

rFire   . . .      SeeInvis +    e - +0 whip
rCold   . . .      Faith    .    (no shield)
rNeg    . . .      Spirit   .    a - +0 robe
rPois   +          Reflect  .    (no helmet)
rElec   .          Harm     .    (no cloak)
rCorr   .          Rampage  .    (no gloves)
Will    +....                    (no barding)
Stlth   ++                       (no amulet)
HPRegen 0.24/turn                d - ring of willpower
MPRegen 0.09/turn                (no ring)

@: very slow
A: AC +0, large, see invisible, deformed body, poison resistance, slowness 2,
spit poison 1, naga tail 1
a: Spit Poison


You were on level 2 of the Dungeon.
You visited 1 branch of the dungeon, and saw 2 of its levels.

You collected 45 gold pieces.

Inventory:

Hand Weapons
 e - a +0 whip (weapon)
Armour
 a - a +0 robe (worn)
Jewellery
 d - a ring of willpower (left hand)
Scrolls
 c - a scroll of blinking {unknown}
 f - a scroll of identify {unknown}


   Skills:
 + Level 0.6 Fighting
 - Level 1.5 Dodging
 + Level 3.3 Stealth
 + Level 2.1 Spellcasting
 + Level 1.3 Conjurations
 + Level 3.1 Fire Magic


You had 2 spell levels left.
You knew the following spells:

 Your Spells              Type           Power      Damage    Failure   Level
a - Foxfire               Conj/Fire      32%        2x1d5     9%          1
b - Scorch                Fire           22%        2d6       9%          2

Your spell library contained the following spells:

 Spells                   Type           Power      Damage    Failure   Level
 Inner Flame              Hex/Fire       6%         N/A       34%         3
 Kindle Blastsparks       Fire/Tloc/Air  8%         2d10      38%         3
 Flame Wave               Conj/Fire      8%         2d5       65%         4


Dungeon Overview and Level Annotations

Branches:
Dungeon (1/15)

Altars:


Innate Abilities, Weirdness & Mutations

Your serpentine skin is tough. (AC +0)
You have supernaturally acute eyesight. (SInv)
Armour fits poorly on your strangely shaped body.
Your system is resistant to poisons. (rPois)
You cover ground very slowly.
You can spit poison.
You have a snake-like lower body.


Message History

Confirm with . or Enter, or press ? or * to list all spells.
You don't have enough magic to cast this spell.
Casting: Scorch (safe; 9% risk of failure)
Confirm with . or Enter, or press ? or * to list all spells.
You don't have enough magic to cast this spell.
The worm is no longer more vulnerable to fire.
You barely miss the worm.
The worm is heavily wounded.
You barely miss the worm.
The worm is heavily wounded.
The adder bites you. The worm barely misses you.
You hit the worm.
The worm is heavily wounded.
The adder barely misses you. The worm closely misses you. The adder bites you.
Casting: Scorch (safe; 9% risk of failure)
Confirm with . or Enter, or press ? or * to list all spells.
You conjure some foxfire!
The adder bites you.
You hit the worm but do no damage.
The worm is heavily wounded.
The foxfire hits the worm.
The worm is heavily wounded.
The foxfire hits the worm.
The worm is heavily wounded.
The adder closely misses you. The worm barely misses you.
Casting: Foxfire (safe; 9% risk of failure)
Confirm with . or Enter, or press ? or * to list all spells.
You don't have enough magic to cast this spell.
You hit the worm.
The worm is severely wounded.
The adder misses you. The adder bites you. The worm bites you!
* * * LOW HITPOINT WARNING * * *
Magic courses through your body. The adder barely misses you.
Casting: Foxfire (safe; 9% risk of failure)
Confirm with . or Enter, or press ? or * to list all spells.
Flames lash the worm.
The worm is severely wounded.
The worm's fire resistance burns away.
The adder barely misses you. The worm bites you!
Ouch! That really hurt!
You die...

#.#### #......#
##....##### #......#
#.........# #......+
#.........# #......#
#.........# #......+
#.........# #......####
#.........####........<#
#.........'....wS....#.
#.........####.@.....#.
#.........# #.......^.#
###.....#### #...###.#..
........... #..... .# #
............ #.#......
............ #.#.#..##
............ #.#......
............ #. ...#..#
........... #. ... ...


You could see a worm (combustible) and an adder.

Vanquished Creatures
  A bat (D:2)
  2 endoplasms (D:2)
  2 giant cockroaches (D:2)
  2 hobgoblins
  A quokka (D:1)
  2 frilled lizards (D:1)
  2 kobolds
  A rat (D:1)
13 creatures vanquished.

Vanquished Creatures (others)
  31 foxfires
31 creatures vanquished.

Grand Total: 44 creatures vanquished

Notes
Turn   | Place    | Note
-------+----------+-------------------------------------------
     0 | D:1      | wormed the Naga Fire Elementalist began the quest for the
                  | Orb.
     0 | D:1      | Reached XP level 1. HP: 15/15 MP: 3/3
   249 | D:1      | You fall into a shaft and drop 1 floor!
   257 | D:2      | Reached XP level 2. HP: 23/24 MP: 1/5
   289 | D:2      | Learned a level 2 spell: Scorch
   464 | D:2      | Mangled by a worm

Illustrated notes

Levels and vault maps discovered:
D:1:      lightli_arrival_quake, layout_loops_corners,
          hellmonk_ecumenical_altar_watching_god, serial_shops, shop,
          hangedman_decor_clover_reticule, corexii_corridor_pit
D:2:      layout_basic, serial_shops, shop, basic_altar

Action                     || total
---------------------------++-------
  Melee: Whip              ||     5
         Unarmed           ||     2
   Cast: Foxfire           ||    18
         Scorch            ||     5
    Use: Potion            ||     1
  Dodge: Dodged            ||    14

Table legend: (Time is in decaauts)
 A = Elapsed time spent in this place.
 B = Non-inter-level travel time spent in this place.
 C = Inter-level travel time spent in this place.
 D = Time resting spent in this place.
 E = Time spent auto-exploring this place.
 F = Levels seen in this place.
 G = Mean time per level.
                   A        B        C        D        E       F      G
               +--------+--------+--------+--------+--------+-----+--------+
         Total |    542 |    542 |      0 |      0 |    422 |   2 |  271.0 |
       Dungeon |    542 |    542 |      0 |      0 |    422 |   2 |  271.0 |
               +--------+--------+--------+--------+--------+-----+--------+

Top non-repeatable levels by time:
     D:1: 306 daAuts
     D:2: 236 daAuts
